 Dungeon Crawl Stone Soup version 0.26-a0-451-gacbe401039 (webtiles) character file.

Game seed: 2230926990680460534

2858 MrRokkomies the Frost Mage (level 9, -6/54 HPs)
             Began as a Deep Elf Ice Elementalist on July 28, 2020.
             Hit by a javelin thrown by Urug (15 damage)
             ... on level 10 of the Dungeon.
             The game lasted 00:28:31 (8772 turns).

MrRokkomies the Frost Mage (DEIE)                   Turns: 8772, Time: 00:28:32

Health: -6/54      AC:  5    Str:  8    XL:     9   Next: 47%
Magic:  4/18       EV: 17    Int: 27    God:
Gold:   499        SH:  0    Dex: 15    Spells: 0/18 levels left

rFire    + . .     SeeInvis .   a - +1 trident of Sulphur {elec, rElec rN++ MR+ Int+3}
rCold    + . .     Faith    .   (no shield)
rNeg     + + .     Spirit   .   e - +0 robe
rPois    .         Reflect  .   q - +0 helmet
rElec    +         Harm     .   d - scarf {rC+ rF+}
rCorr    .                      o - +1 pair of gloves {Str+3}
MR       +....                  (no boots)
Stlth    ++........             (no amulet)
HPRegen  0.18/turn              z - ring of wizardry
MPRegen  0.16/turn              B - ring of wizardry

@: frozen ramparts
A: no striking features
a: no special abilities


You were on level 10 of the Dungeon.
You visited 2 branches of the dungeon, and saw 10 of its levels.

You collected 499 gold pieces.

Inventory:

Hand Weapons
 a - the +1 trident of Sulphur (weapon) {elec, rElec rN++ MR+ Int+3}
   (You found it on level 8 of the Dungeon)

   Occasionally, upon striking a foe, it will discharge some electrical energy
   and cause terrible harm.
   It affects your intelligence (+3).
   It insulates you from electricity.
   It greatly protects you from negative energy.
   It affects your resistance to hostile enchantments.
 b - a +1 hunting sling
 s - a +2 dagger of holy wrath
 D - a +2 vorpal mace
Missiles
 g - 283 stones (quivered)
 i - a throwing net
 l - 59 sling bullets
Armour
 d - a scarf of resistance (worn)
 e - a +0 robe (worn)
 f - a +0 pair of gloves
 m - a +1 cloak
 o - a +1 pair of gloves of strength (worn)
 q - a +0 helmet (worn)
Jewellery
 z - a ring of wizardry (left hand)
 B - a ring of wizardry (right hand)
Wands
 p - a wand of paralysis (9)
 x - a wand of enslavement (8)
 A - a wand of polymorph (11)
 E - a wand of flame (11)
 G - a wand of clouds (7)
Scrolls
 h - a scroll of noise {unknown}
 u - a scroll of identify
 w - 2 scrolls of enchant armour
 y - 5 scrolls of fog
 C - a scroll of magic mapping
Potions
 c - 3 potions of brilliance
 j - 3 potions of curing
 k - 2 potions of mutation
 n - 4 potions of lignification
 r - a potion of heal wounds
 t - 4 potions of might
 v - 2 potions of invisibility
 F - a potion of berserk rage {unknown}


   Skills:
 * Level 5.2 Fighting
 + Level 8.1 Dodging
 - Level 2.4 Stealth
 - Level 5.0 Spellcasting
 + Level 1.1 Conjurations
 * Level 9.8 Ice Magic
 + Level 3.4 Air Magic


You couldn't memorise any spells.
You knew the following spells:

 Your Spells              Type           Power        Failure   Level
a - Freeze                Ice            ####         1%          1
b - Frozen Ramparts       Ice            ######       1%          3
c - Ozocubu's Armour      Ice            ######..     1%          3
d - Swiftness             Air            ####....     1%          2
e - Summon Ice Beast      Ice/Summ       ####....     2%          4
f - Lightning Bolt        Conj/Air       ###.......   21%         5

Your spell library contained the following spells:

 Spells                   Type           Power        Failure   Level
 Shock                    Conj/Air       ###.         1%          1
 Static Discharge         Conj/Air       ###.....     2%          3
 Hailstorm                Conj/Ice       #####...     2%          4
 Airstrike                Air            ####......   5%          4
 Confusing Touch          Hex            #.......     6%          3
 Gell's Gravitas          Tloc           #.........   6%          3
 Metabolic Englaciation   Hex/Ice        ####......   7%          5
 Petrify                  Tmut/Erth      #.......     17%         4
 Yara's Violent Unravell  Hex/Tmut       #.........   43%         5


Dungeon Overview and Level Annotations

Branches:
Dungeon (10/15)            Temple (1/1) D:6
   Lair: D:8-11         Orc: D:9-12

Altars:
Ashenzari
Cheibriados
Dithmenos
Elyvilon
Fedhas
Hepliaklqana
Nemelex Xobeh
Okawaru
Qazlal
Ru
Sif Muna
Trog
Uskayaw
Vehumet
Wu Jian
Zin
The Shining One

Shops:
D:6 =   D:7 }   D:9 (=[

Annotations:
D:8 1 runed translucent door
D:10 Urug


Message History

Space bends around you.
Casting: Frozen Ramparts (safe; 1% risk of failure)
Confirm with . or Enter, or press ? or * to list all spells.
A film of ice covers your body!
Casting: Ozocubu's Armour (safe; 1% risk of failure)
Confirm with . or Enter, or press ? or * to list all spells.
A chill wind blows around you.
The wall freezes Urug.
Urug barely misses you.
Urug hits your ice beast with a +1 war axe of distortion!
Space bends around your ice beast.
Casting: Summon Ice Beast (dangerous; 2% risk of failure)
Confirm with . or Enter, or press ? or * to list all spells.
A chill wind blows around you.
The wall freezes Urug.
Urug hits you with a +1 war axe of distortion!
Space warps horribly around you!
* * * LOW HITPOINT WARNING * * *
Urug closely misses your ice beast.
Your ice beast hits Urug.
Your ice beast freezes Urug!
Your icy armour cracks and falls away as you move.
The wall freezes Urug!
Urug throws a javelin.
The javelin pierces through you!
You die...

......####.###
......#......#
......#......#
......#......#
#...........#
#..........Y#
#.[........o#
#<.Y@..#
########


You could see Urug and 2 friendly ice beasts.

Vanquished Creatures
  A hippogriff (D:8)
  A soldier ant (D:8)
  An ice beast (D:8)
  3 orc warriors
  2 black bears
  2 sky beasts
  An ogre (D:4)
  3 centaurs
  2 big kobolds
  4 bullfrogs
  2 scorpions
  A killer bee (D:8)
  A quasit (D:7)
  7 orc priests
  A bullfrog skeleton (D:7)
  6 orc wizards
  Natasha (thrice) (D:2)
  8 worker ants
  3 worker ant zombies
  9 adders
  A shadow imp (D:8)
  A white imp (D:7)
  5 ufetubi
  An ooze (D:4)
  3 worms
  3 leopard geckos (D:2)
  23 orcs
  4 bats (D:3)
  7 giant cockroaches
  4 goblins
  5 hobgoblins
  7 jackals
  3 quokkas
  4 frilled lizards
  21 kobolds
  2 quokka skeletons (D:8)
  12 rats
  3 butterflies (D:8)
170 creatures vanquished.

Notes
Turn   | Place    | Note
-------+----------+-------------------------------------------
     0 | D:1      | MrRokkomies the Deep Elf Ice Elementalist began the quest
                  | for the Orb.
     0 | D:1      | Reached XP level 1. HP: 10/10 MP: 6/6
    78 | D:1      | Reached XP level 2. HP: 15/15 MP: 0/8
   795 | D:2      | Reached XP level 3. HP: 11/19 MP: 7/9
   817 | D:2      | Learned a level 3 spell: Frozen Ramparts
   821 | D:2      | Learned a level 3 spell: Ozocubu's Armour
  1010 | D:2      | Noticed Natasha
  1024 | D:2      | Killed Natasha
  1024 | D:2      | Reached skill level 5 in Ice Magic
  1052 | D:2      | Reached XP level 4. HP: 10/24 MP: 6/11
  1251 | D:2      | Noticed Natasha
  1258 | D:2      | Killed Natasha
  1394 | D:2      | Noticed Natasha
  1403 | D:2      | Killed Natasha
  1961 | D:3      | Reached XP level 5. HP: 28/28 MP: 13/13
  2392 | D:3      | Found a sparkling altar of Nemelex Xobeh.
  2805 | D:3      | Found a hide-covered altar of Uskayaw.
  3445 | D:4      | Noticed an ogre
  3460 | D:4      | Killed an ogre
  3460 | D:4      | Reached skill level 5 in Dodging
  3460 | D:4      | Reached skill level 6 in Ice Magic
  3460 | D:4      | Reached XP level 6. HP: 32/32 MP: 7/14
  3818 | D:4      | You fall into a shaft and drop 2 floors!
  3846 | D:6      | Noticed an orc warrior
  3882 | D:6      | Killed an orc warrior
  3882 | D:6      | Reached skill level 5 in Spellcasting
  3996 | D:6      | Reached XP level 7. HP: 36/36 MP: 12/16
  4024 | D:6      | Found a hazy altar of Hepliaklqana.
  4047 | D:6      | Found a staircase to the Ecumenical Temple.
  4055 | Temple   | Entered the Ecumenical Temple
  4147 | D:6      | Reached skill level 1 in Fighting
  4147 | D:6      | Reached skill level 7 in Ice Magic
  5024 | D:6      | Found Giybbol's Jewellery Boutique.
  5197 | D:6      | Reached XP level 8. HP: 27/45 MP: 12/17
  5520 | D:7      | Learned a level 2 spell: Swiftness
  5553 | D:7      | Found a shimmering blue altar of Sif Muna.
  5564 | D:7      | Reached skill level 8 in Ice Magic
  5758 | D:7      | Reached skill level 1 in Air Magic
  5973 | D:7      | Found Xosije's Gadget Shoppe.
  6665 | D:8      | Noticed a hippogriff
  6677 | D:8      | Killed a hippogriff
  6727 | D:7      | Reached skill level 9 in Ice Magic
  6934 | D:8      | Reached XP level 9. HP: 42/52 MP: 13/18
  7004 | D:8      | Found a runed translucent door.
  7005 | D:8      | Found a runed translucent door.
  7163 | D:8      | Reached skill level 5 in Fighting
  7401 | D:8      | Learned a level 4 spell: Summon Ice Beast
  7407 | D:8      | Learned a level 5 spell: Lightning Bolt
  7837 | D:8      | Got a faintly glowing trident
  7838 | D:8      | Identified the cursed +1 trident of Sulphur {elec, rElec
                  | rN++ MR+ Int+3} (You found it on level 8 of the Dungeon)
  8025 | D:9      | Found Zicsed's Armour Shoppe.
  8049 | D:9      | Found Xufuz's Jewellery Boutique.
  8303 | D:9      | Found Werphy's Antique Weapon Shop.
  8656 | D:9      | Reached skill level 1 in Conjurations
  8714 | D:9      | Found a shadowy altar of Dithmenos.
  8762 | D:10     | Entered Level 10 of the Dungeon
  8762 | D:10     | Noticed Urug
  8772 | D:10     | Hit by a javelin thrown by Urug

Illustrated notes

Levels and vault maps discovered:
D:1:      minmay_arrival_solitary_statue, layout_rooms
D:2:      layout_rooms, minmay_tromino_v2, uniq_natasha
D:3:      layout_basic, eat_drink_and_be_merry_uskayaw,
          nemelex_xobeh_ov_fountains_minmay
D:4:      layout_basic, kennysheep_mini, serial_co_window_serial,
          co_window_corner_a, co_window_paths_a, co_window_paths_a,
          co_window_corner_a, co_window_paths_b, co_window_cross_1,
          co_window_unsneaky_path_e, co_window_broadway_c,
          co_window_unsneaky_path_b, glass_columns_a, glass_columns_b,
          glass_columns_b, glass_columns_a, fedhas_bush_and_centaur_altar,
          uniq_edmund
D:6:      layout_basic, lemuel_doored_altar, minmay_temple_entry_slanted,
          serial_shops, shop, minmay_misc_feat_iff, kennysheep_generic_room_2
D:7:      layout_basic, lemuel_round_altar, serial_shops, nicolae_shop_crystal
D:8:      lemuel_insect_pit, layout_cave_pools
D:9:      layout_loops_ring, marbit_many_paths, serial_shops,
          nicolae_shop_crystal, nicolae_shop_waterfront, shop
D:10:     layout_basic, uniq_urug
Temple:   nicolae_temple_hex_pool

Skill      XL: |  1  2  3  4  5  6  7  8  9 |
---------------+----------------------------+-----
Dodging        | 3 4 5 6 7 8 |  8.1
Ice Magic      | 5 6 7 9 |  9.8
Spellcasting   | 4 5 |  5.0
Fighting       | 2 4 5 |  5.2
Air Magic      | 2 3 |  3.4
Conjurations   | 1 |  1.1
Stealth        | |  2.4

Action                   |  1- 3 |  4- 6 |  7- 9 || total
-------------------------+-------+-------+-------++-------
Melee: Unarmed           |     6 |       |       ||     6
       Dagger            |    34 |    45 |       ||    79
       Mace              |       |    34 |   123 ||   157
       Trident           |       |       |    18 ||    18
 Fire: Hunting sling     |       |    61 |    20 ||    81
Throw: Stone             |       |     1 |       ||     1
 Cast: Freeze            |    32 |    12 |    30 ||    74
       Frozen Ramparts   |     1 |    15 |    24 ||    40
       Summon Ice Beast  |       |       |     2 ||     2
       Ozocubu's Armour  |       |       |     1 ||     1
Evoke: Wand              |       |       |     1 ||     1
  Use: Scroll            |       |     8 |    13 ||    21
 Stab: Sleeping          |     3 |     6 |     4 ||    13
Armor: Robe              |    12 |    29 |    62 ||   103
Dodge: Dodged            |    37 |    96 |   228 ||   361

Table legend: (Time is in decaauts)
 A = Elapsed time spent in this place.
 B = Non-inter-level travel time spent in this place.
 C = Inter-level travel time spent in this place.
 D = Time resting spent in this place.
 E = Time spent auto-exploring this place.
 F = Levels seen in this place.
 G = Mean time per level.
                   A        B        C        D        E       F      G
               +--------+--------+--------+--------+--------+-----+--------+
         Total |   8843 |   8683 |    160 |   1871 |   5441 |  10 |  884.3 |
       Dungeon |   8760 |   8606 |    154 |   1871 |   5365 |   9 |  973.3 |
        Temple |     82 |     76 |      6 |      0 |     76 |   1 |   82.0 |
               +--------+--------+--------+--------+--------+-----+--------+

Top non-repeatable levels by time:
     D:6: 1631 daAuts
     D:7: 1380 daAuts
     D:2: 1243 daAuts
     D:8: 1060 daAuts
     D:3: 1035 daAuts
     D:4: 864 daAuts
     D:9: 842 daAuts
     D:1: 691 daAuts
  Temple: 82 daAuts
    D:10: 10 daAuts
